 Dungeon Crawl Stone Soup version 0.13-a0-3104-gb5885e9 (webtiles) character file.

33185 Malachi the Spear-Bearer (level 13, -1/99 HPs)
             Began as a Mummy Berserker on Sept 20, 2013.
             Was a High Priest of Trog.
             Slain by a ghost moth (13 damage)
             ... on Level 2 of the Spider Nest.
             The game lasted 00:56:13 (21220 turns).

Malachi the Spear-Bearer (Mummy Berserker)         Turns: 21220, Time: 00:56:14

HP  -1/99        AC 18     Str 24      XL: 13   Next: 28%
MP   0/13        EV 15     Int  6      God: Trog [*****.]
Gold 1212        SH  0     Dex 11      Spells:  0 memorised, 12 levels left

Res.Fire  : . . .   See Invis. : .   J - +4 trident (flame)
Res.Cold  : + . .   Warding    : .   H - +3 ring mail {rF+}
Life Prot.: + + +   Conserve   : .   (no shield)
Res.Poison: +       Res.Corr.  : +   e - +0 orc helmet
Res.Elec. : .       Clarity    : .   v - +0 cloak
Sust.Abil.: . .     Spirit.Shd : .   G - +0 pair of gloves
Res.Mut.  : .       Stasis     : .   k - +0 pair of boots
Res.Rott. : +       Flight     : .   j - amulet of resist corrosion
Saprovore : . . .                    p - +3 ring of protection
                                     n - ring of regeneration

@: regenerating, about to teleport, extremely resistant to hostile enchantments,
unstealthy
A: no food or potions, fire vulnerability, in touch with death, restore body,
cold resistance 1, life protection 3, poison resistance, torment resistance,
unbreathing
a: Self-Restoration, Burn Spellbooks, Berserk, Trog's Hand, Brothers in Arms,
Renounce Religion


You were on level 2 of the Spider Nest.
You worshipped Trog.
Trog was exalted by your worship.
You were not hungry.

You visited 4 branches of the dungeon, and saw 20 of its levels.
You also visited: Labyrinth and Volcano.

You collected 1192 gold pieces.

Inventory:

Hand weapons
 t - the cursed -1,+3 battleaxe of the Other Side {flame, rF+}
   (You found it on level 6 of the Dungeon)

   It emits flame when wielded, causing extra injury to most foes and up to
   double damage against particularly susceptible opponents.
   Big, fiery blades are also staple armaments of hydra-hunters.
   It protects you from fire.
   It has a curse placed upon it.
 C - a +0,+0 quarterstaff of freezing
 I - a +0,+1 scimitar of flaming
 J - a +4,+4 trident of flaming (weapon)
 L - a +0,+3 anti-magic bardiche
Armour
 e - a +0 orcish helmet (worn)
 k - a +0 pair of boots (worn)
 m - a cursed +0 helmet
 o - a +0 cloak
 v - a +0 cloak (worn)
 w - a +0 shield
 y - a +0 buckler
 E - a +0 plate armour
 G - a +0 pair of gloves (worn)
 H - a +3 ring mail of fire resistance (worn)
 K - a +1 animal skin of fire resistance
Magical devices
 q - a wand of polymorph (11)
 z - a wand of digging (6)
 D - a wand of polymorph (14)
 M - a wand of flame (11)
Scrolls
 b - a scroll of enchant weapon II
 c - 2 scrolls of vulnerability
 d - 7 scrolls of enchant weapon I
 f - a scroll of fog
 g - 5 scrolls of identify
 h - 6 scrolls of teleportation
 i - a scroll of noise
 r - 2 scrolls of fear
 x - a scroll of remove curse
 A - a scroll of summoning
 N - a scroll of magic mapping
Jewellery
 j - an amulet of resist corrosion (around neck)
 l - an uncursed ring of positive energy
 n - a ring of regeneration (left hand)
 p - a +3 ring of protection (right hand)
 u - a +2 ring of protection
 B - an uncursed ring of ice
Miscellaneous
 a - a sack of spiders
 s - a phial of floods
 F - a lamp of fire


   Skills:
 + Level 9.8 Fighting
 + Level 0.1 Long Blades
 + Level 11.3 Polearms
 + Level 8.2 Armour
 + Level 11.2 Dodging
 + Level 2.2 Stealth
 + Level 0.5 Evocations


You had 12 spell levels left.
You didn't know any spells.

Dungeon Overview and Level Annotations

Branches:
Dungeon (11/27)            Temple (1/1) D:5            Lair (6/8) D:8
 Shoals (0/5) Lair:4       Spider (2/5) Lair:6
    Orc: D:6-11       Slime: Lair:6-8

Altars:
Ashenzari
Cheibriados
Elyvilon
Fedhas
Kikubaaqudgha
Makhleb
Nemelex Xobeh
Okawaru
Sif Muna
Trog
Vehumet
Xom
Yredelemnul
Zin
the Shining One

Shops:
D:8 *   D:9 !

Annotations:
Spider:1 Nikola


Innate Abilities, Weirdness & Mutations

You do not eat or drink.
Your flesh is vulnerable to fire.
You are in touch with the powers of death.
You can restore your body by infusing magical energy.
Your flesh is cold resistant.
You are immune to negative energy.
Your system is resistant to poisons.
You are immune to unholy pain and torment.
You can survive without breathing.


Message History

You feel you are being watched by something.
It hits you but does no damage. It hits you.
* * * LOW HITPOINT WARNING * * *
It stings you but does no damage.
Read which item? (? for menu, Esc to quit)
As you read the scroll of teleportation, it crumbles to dust.
You feel strangely unstable.
You feel you are being watched by something.
It hits you but does no damage. It stings you but does no damage. It hits you.
* * * LOW HITPOINT WARNING * * *
It barely misses you. It stings you but does no damage.
You feel you are being watched by something.
It hits you but does no damage. It stings you but does no damage.
The orb spider pulsates with a strange energy.
You feel you are being watched by something.
It hits you!
You die...

##.....## ##...## . #..#...#
##....# .^ #..#######.^#### ^.
##...#..###...## .^
##..#..#.##...## .## ##^.#...
.#....# .^# ##...#.. ..##...##..#
####..###.###..###..#.^# #
##.#...#@#...^^.....^...# #####
##....###.^..^.##.#..#...#
..#.####..#..# ##...s..####..####
......#...###.....^##..^..#!.<..#
##....#..###........#....)#..#..#
#.....#..#.###..#...#.^#^.###...#
#..#####.^...#..#..##?.##.......#
#.....^##.......#.......#....#..#
#.........^#^..##......##...##..#


You could see an orb spider.

Vanquished Creatures
  Donald (Lair:6)
  Fannar (D:10)
  A hydra (Lair:3)
  Erica (D:10)
  Pikel (D:5)
  A griffon (Lair:4)
  A red wasp (Spider:2)
  2 wolf spiders (Spider:2)
  6 elephants (Lair:5)
  A black mamba (Lair:5)
  5 spiny frogs
  2 demonic crawlers
  A minotaur zombie (Lab)
  A queen bee (Lair:6)
  2 komodo dragons
  2 fire drakes
  3 jumping spiders (Spider:2)
  2 orb spiders
  13 blink frogs
  2 trapdoor spiders
  2 flying skulls (Volcano)
  A vampire (Volcano)
  19 yaks
  5 redbacks
  A shark (Spider:1)
  2 tarantellas
  A wyvern (Lair:4)
  A hungry ghost (Lab)
  8 hippogriffs
  Menkaure (D:6)
  4 wolves (Lair:4)
  6 sky beasts
  A yellow wasp (Spider:2)
  2 slaves (D:5)
  A phantom (D:7)
  12 porcupines
  A black bear (D:6)
  2 ogres
  3 giant goldfish
  7 crocodiles
  4 centaurs
  5 giant slugs
  4 giant frogs
  Blork the orc (D:5)
  6 water moccasins
  A gnoll sergeant (D:9)
  4 agate snails
  14 killer bees (Lair:6)
  9 wights
  A troll skeleton (D:7)
  A spectral elf (D:9)
  7 electric eels (Lair:5)
  An orc priest (D:6)
  3 goliath beetles
  5 crimson imps
  6 hounds
  6 iguanas
  2 jellies
  2 big fish (Lair:5)
  4 spiders
  6 worker ants
  3 orc wizards
  3 scorpions
  A big kobold zombie (D:9)
  An ogre skeleton (D:9)
  An ogre zombie (D:5)
  2 hound skeletons
  2 mummies (Volcano)
  7 gnolls
  51 green rats
  28 adders
  2 giant centipedes
  A giant mite (D:9)
  5 worms
  An adder skeleton (D:9)
  7 oozes
  24 orcs
  A bat skeleton (D:7)
  14 goblins
  15 hobgoblins
  11 quokkas
  29 bats
  6 giant cockroaches
  5 giant geckos
  5 giant newts
  30 jackals
  14 kobolds
  A kobold zombie (D:6)
  25 rats
  2 rat skeletons
518 creatures vanquished.

Vanquished Creatures (collateral kills)
  Maud (Lair:5)
  An emperor scorpion (Spider:2)
  A minotaur (Lab)
  The ghost of PleasurePal the Ruffian, an experienced TrBe of Trog (D:6)
  A hill giant (D:10)
  A komodo dragon (Lair:1)
  Sonja (D:10)
  A shadow (D:10)
  A sky beast (D:5)
  A giant goldfish (Lair:5)
  A centaur (D:10)
  Sigmund (D:5)
  An electric eel (Lair:5)
  A mummy (D:10)
  2 green rats (Lair:1)
  A hobgoblin (D:5)
  A kobold (D:10)
  A quokka (D:5)
  A bat (Lair:5)
20 creatures vanquished.

Vanquished Creatures (others)
  2 ogres
  A giant frog zombie (D:8)
  A green rat (Lair:6)
  A giant mite (D:8)
  A giant gecko (D:8)
  A bush (Lair:5)
  3 fungi (Lair:5)
  3 plants (Lair:5)
13 creatures vanquished.

Grand Total: 551 creatures vanquished

Notes
Turn   | Place    | Note
--------------------------------------------------------------
     0 | D:1      | Malachi, the Mummy Berserker, began the quest for the Orb.
     0 | D:1      | Reached XP level 1. HP: 18/18 MP: 0/0
   334 | D:1      | Reached XP level 2. HP: 18/24 MP: 1/1
   780 | D:1      | Acquired Trog's second power
  1247 | D:2      | Reached XP level 3. HP: 26/30 MP: 2/2
  1815 | D:3      | Found a snail-covered altar of Cheibriados.
  2166 | D:3      | Reached XP level 4. HP: 13/36 MP: 3/3
  3814 | D:4      | Reached XP level 5. HP: 19/42 MP: 4/4
  4312 | D:4      | Reached skill level 4 in Fighting
  4314 | D:4      | Acquired Trog's third power
  4468 | D:4      | Reached XP level 6. HP: 26/49 MP: 5/5
  4646 | D:4      | Found an iron altar of Okawaru.
  5267 | D:5      | Entered Level 5 of the Dungeon
  5317 | D:5      | Found a staircase to the Ecumenical Temple.
  5339 | D:5      | Noticed Blork the orc
  5380 | D:5      | Killed Blork the orc
  5641 | D:5      | Noticed Pikel
  5689 | D:4      | Reached XP level 7. HP: 24/54 MP: 6/6
  5889 | D:5      | Noticed Sigmund
  6021 | D:5      | Killed Sigmund
  6117 | D:5      | Found a shattered altar of Ashenzari.
  6155 | D:5      | Found a blossoming altar of Fedhas.
  6673 | D:5      | Killed Pikel
  6673 | D:5      | Reached skill level 5 in Dodging
  6673 | D:5      | Reached XP level 8. HP: 29/61 MP: 7/7
  6768 | D:6      | Reached skill level 5 in Fighting
  6825 | D:6      | Got a polished battleaxe
  6826 | D:6      | Identified the cursed -1,+3 battleaxe of the Other Side {flame, rF+} (You found it on level 6 of the Dungeon)
  6840 | D:6      | Reached skill level 5 in Polearms
  6929 | D:6      | Noticed PleasurePal's ghost (experienced TrBe)
  6944 | D:6      | Killed PleasurePal's ghost
  7044 | D:6      | Reached skill level 6 in Dodging
  7066 | D:6      | Reached XP level 9. HP: 58/68 MP: 8/8
  7163 | D:6      | Noticed Menkaure
  7172 | D:6      | Killed Menkaure
  7285 | D:5      | Reached skill level 5 in Armour
  7316 | Temple   | Entered the Ecumenical Temple
  7624 | D:6      | Found a burning altar of Makhleb.
  7624 | D:6      | Noticed a green death
  8205 | D:7      | Found a shimmering altar of Xom.
  8703 | D:7      | Found a deep blue altar of Sif Muna.
  8816 | D:8      | Reached skill level 7 in Dodging
  9030 | D:8      | Found a staircase to the Lair.
  9058 | D:8      | Reached skill level 1 in Stealth
  9279 | D:8      | Found Sicvius' General Store.
  9851 | D:9      | Found Mnoun's Distillery.
 10027 | D:9      | Found a basalt altar of Yredelemnul.
 10038 | D:9      | Reached XP level 10. HP: 69/75 MP: 9/9
 10111 | D:10     | Entered Level 10 of the Dungeon
 10125 | D:10     | Received a gift from Trog
 10144 | D:10     | Noticed Fannar
 10168 | D:10     | Killed Fannar
 10266 | D:10     | Noticed Sonja
 10276 | D:10     | Noticed a hill giant
 10322 | Lair:1   | Entered Level 1 of the Lair of Beasts
 10421 | D:8      | Reached skill level 8 in Dodging
 11656 | Lair:1   | Reached XP level 11. HP: 75/82 MP: 3/10
 12005 | Lair:2   | Found a labyrinth entrance.
 12150 | Lab      | Entered a labyrinth
 12815 | Lab      | Noticed a minotaur
 12821 | Lab      | Killed a minotaur
 12988 | Lair:2   | Reached skill level 9 in Polearms
 13722 | Lair:3   | Noticed a six-headed hydra
 13899 | D:10     | Killed a hill giant
 13904 | D:10     | Killed Sonja
 13939 | D:10     | Noticed Erica
 13999 | D:10     | Killed Erica
 14203 | D:10     | Noticed a hill giant
 14209 | D:11     | Noticed a hill giant
 14209 | D:11     | Noticed a hill giant
 14871 | Lair:3   | HP: 1/84 [blink frog (10)]
 15149 | Lair:3   | Killed a hydra
 15998 | Lair:4   | Reached XP level 12. HP: 70/91 MP: 4/12
 16021 | Lair:4   | Reached skill level 10 in Polearms
 16273 | Lair:4   | Received a gift from Trog
 16543 | Lair:4   | Found a staircase to the Shoals.
 16976 | Lair:5   | Noticed Maud
 17252 | Lair:5   | Killed Maud
 17614 | Lair:5   | Reached skill level 10 in Dodging
 18344 | Lair:6   | Found a dark tunnel.
 18544 | Volcano  | Entered a volcano
 19109 | Lair:6   | Reached skill level 11 in Polearms
 19116 | Lair:6   | Received a gift from Trog
 19503 | Lair:6   | Found a hole to the Spider Nest.
 19582 | Spider:1 | Entered Level 1 of the Spider Nest
 19597 | Spider:1 | Noticed Donald
 19726 | Lair:6   | Killed Donald
 19726 | Lair:6   | Reached XP level 13. HP: 37/99 MP: 13/13
 20333 | Spider:1 | Noticed Nikola
 20480 | Spider:2 | Noticed an emperor scorpion
 20495 | Spider:2 | Killed an emperor scorpion
 21220 | Spider:2 | Slain by a ghost moth

Action                   |  1- 3 |  4- 6 |  7- 9 | 10-12 | 13-15 || total
-------------------------+-------+-------+-------+-------+-------++-------
Melee: Spear             |   177 |   586 |    42 |       |       ||   805
       Scythe            |       |       |   359 |       |       ||   359
       Halberd           |       |       |   138 |    24 |       ||   162
       Glaive            |       |       |       |  1039 |       ||  1039
       Scimitar          |       |       |       |     8 |       ||     8
       Trident           |       |       |       |   247 |   148 ||   395
       Bardiche          |       |       |       |     7 |       ||     7
Invok: Trog's Hand       |       |     4 |     4 |     9 |     2 ||    19
       Brothers in Arms  |       |       |     2 |     7 |     1 ||    10
Evoke: Wand              |       |       |     4 |     1 |       ||     5
  Use: Scroll            |     7 |     1 |     7 |    10 |     5 ||    30
 Stab: Distracted        |     1 |       |       |     1 |       ||     2
       Sleeping          |       |       |       |     2 |       ||     2
